 Dungeon Crawl Stone Soup version 0.19.4-8-ga85b6b9 (webtiles) character file.

137 Chiseanne the Magician (level 5, 35/35 HPs)
             Began as a Demonspawn Wizard on Feb 10, 2017.
             Quit the game on level 3 of the Dungeon.
             The game lasted 00:07:11 (3533 turns).

Chiseanne the Magician (Demonspawn Wizard)          Turns: 3533, Time: 00:07:12

Health: 35/35      AC:  2    Str:  7    XL:     5   Next: 0%
Magic:  7/10       EV: 12    Int: 20    God:
Gold:   157        SH:  0    Dex: 12    Spells: 3 memorised, 4 levels left

rFire  . . .     SeeInvis +     a - +0 dagger (venom)
rCold  . . .     Gourm    .     q - +0 robe
rNeg   . . .     Faith    .     (no shield)
rPois  .         Spirit   .     (helmet restricted)
rElec  .         Reflect  .     (no cloak)
rCorr  .         Harm     .     (no gloves)
MR     .....                    (no boots)
Stlth  ++........               (no amulet)
                                (no ring)
                                l - ring of see invisible

@: no status effects
A: antennae 1, claws 1, powered by death 2
a: no special abilities


You were on level 3 of the Dungeon.
You were not hungry.

You visited 1 branch of the dungeon, and saw 3 of its levels.

You collected 157 gold pieces.

Inventory:

Hand Weapons
 a - a +0 dagger of venom (weapon)
 j - a +0 blowgun
Missiles
 e - 15 poisoned needles
 f - 27 arrows
 g - 30 stones (quivered)
 i - 2 tomahawks
Armour
 q - a +0 robe (worn)
Jewellery
 l - a ring of see invisible (left claw)
Potions
 o - a potion of brilliance {unknown}
Books
 c - a book of Minor Magic

   Spells                             Type                      Level
   a - Magic Dart                     Conjuration                  1
   b - Blink                          Translocation                2
   c - Call Imp                       Summoning                    2
   d - Repel Missiles                 Charms/Air                   2
   e - Slow                           Hexes                        2
   f - Conjure Flame                  Conjuration/Fire             3
   g - Mephitic Cloud                 Conjuration/Poison/Air       3
Comestibles
 b - 2 chunks of flesh
 d - 3 bread rations
 h - a meat ration


   Skills:
 - Level 2.3 Dodging
 - Level 1.7 Stealth
 * Level 3.7 Spellcasting
 * Level 2.8 Conjurations
   Level 1.0 Summonings
   Level 0.8 Translocations
 * Level 2.0 Air Magic


You had 4 spell levels left.
You knew the following spells:

 Your Spells              Type           Power        Failure   Level  Hunger
a - Magic Dart            Conj           ###.         4%          1    None
b - Mephitic Cloud        Conj/Pois/Air  ##......     21%         3    ###....
c - Conjure Flame         Conj/Fire      #.......     24%         3    ###....


Dungeon Overview and Level Annotations

Branches:
Dungeon (3/15)

Altars:
Fedhas

Annotations:
D:3 Purgy


Innate Abilities, Weirdness & Mutations

You have a pair of small antennae on your head.
You have sharp fingernails.
You regenerate health from kills.


Message History

A goblin and Purgy come into view.
Casting: Magic Dart
Confirm with . or Enter, or press ? or * to list all spells.
Aiming: Magic Dart
Press: ? - help, Shift-Dir - straight line, f - goblin
Aim: a goblin, wielding a club (resting)
The magic dart hits the goblin.
The goblin is severely wounded.
The goblin shouts!
Casting: Magic Dart
Confirm with . or Enter, or press ? or * to list all spells.
Aiming: Magic Dart
Press: ? - help, Shift-Dir - straight line, f/p - goblin
Aim: a goblin, wielding a club (severely wounded)
The magic dart hits the goblin.
You kill the goblin!
You have reached level 5!
Your demonic ancestry asserts itself...
Your fingernails lengthen.
Are you sure you want to abandon this character and quit the game? (Confirm with "yes".)

*,,,,,,,,,,....######### #
*,,********#...#.......#####
*,,* *####...#............
***,,*****,..#...#.......#***#
*,,,,,,,,,,).....##.##.#######
*,*,,****,,#.#...##.#...รท.....
*,*,,* #,,#.#...##.##..###...
*,*,,*###..#.#...##.##........
*,*,,,.......@...##.....###...
*,*,,*.##..#.#................
**,*,,,...,..>..........#######
*,,,,,,.*#..#.#...##..#.#######
**,,,****#?.#.#................
*,,,,,,,...,......##.##.......#
**,,,**##.,..........##.#####.#
*,,,,,,,T.#.#.#................
**,*,****,*,#.#...#####.#####.#


You could see Purgy (sleeping).

Vanquished Creatures
  An orc wizard (D:3)
  3 adders
  An ooze (D:3)
  3 worms
  3 dart slugs
  3 leopard geckos
  3 orcs (D:3)
  A ball python (D:2)
  3 giant cockroaches (D:3)
  10 goblins
  4 hobgoblins
  4 jackals (D:3)
  A quokka (D:3)
  5 bats
  7 frilled lizards
  9 kobolds
  2 rats
63 creatures vanquished.

Notes
Turn   | Place    | Note
-------+----------+-------------------------------------------
     0 | D:1      | Chiseanne the Demonspawn Wizard began the quest for the Orb.
     0 | D:1      | Reached XP level 1. HP: 13/13 MP: 4/4
   901 | D:1      | Gained mutation: You regenerate a little health from kills. [demonic ancestry]
   901 | D:1      | Reached XP level 2. HP: 19/19 MP: 4/6
  1593 | D:1      | Gained mutation: You regenerate health from kills. [demonic ancestry]
  1593 | D:1      | Reached XP level 3. HP: 16/24 MP: 1/7
  1675 | D:1      | Learned a level 3 spell: Mephitic Cloud
  1679 | D:1      | Learned a level 3 spell: Conjure Flame
  2284 | D:2      | Reached skill level 1 in Air Magic
  2371 | D:2      | Found a blossoming altar of Fedhas.
  2676 | D:3      | Gained mutation: You have a pair of small antennae on your head. [demonic ancestry]
  2676 | D:3      | Reached XP level 4. HP: 27/30 MP: 6/9
  3530 | D:3      | Noticed Purgy
  3532 | D:3      | Gained mutation: You have sharp fingernails. [demonic ancestry]
  3532 | D:3      | Reached XP level 5. HP: 35/35 MP: 7/10
  3533 | D:3      | Quit the game

Skill      XL: |  1  2  3  4 |
---------------+-------------+-----
Dodging        | 2 |  2.3
Conjurations   | 2 |  2.8
Air Magic      | 1 2 |  2.0
Stealth        | |  1.7
Spellcasting   | |  3.7
Summonings     | |  1.0
Translocations | |  0.8

Action                   |  1- 3 |  4- 6 || total
-------------------------+-------+-------++-------
Melee: Whip              |    23 |       ||    23
       Dagger            |    14 |    47 ||    61
 Cast: Magic Dart        |    85 |    44 ||   129
  Use: Scroll            |     8 |     3 ||    11
       Potion            |       |     3 ||     3
 Stab: Sleeping          |       |     1 ||     1
  Eat: Chunk             |     5 |     3 ||     8
Armor: Robe              |     7 |     4 ||    11
       Skin              |       |    19 ||    19
Dodge: Dodged            |    36 |    33 ||    69
